 Dungeon Crawl Stone Soup version 0.29.1-4-g47bece8355 (webtiles) character file.

Game seed: 4138214885549816879

647 Hercules1031 the Trooper (level 7, -7/63 HPs)
             Began as a Hill Orc Monk on Dec 7, 2022.
             Splashed by a jelly's acid (9 damage)
             ... on level 5 of the Dungeon.
             The game lasted 00:12:35 (4580 turns).

Hercules1031 the Trooper (Hill Orc Monk)            Turns: 4580, Time: 00:12:35

Health: -7/63      AC: -6    Str: 16    XL:     7   Next: 52%
Magic:  7/7        EV:  7    Int: 10    God:
Gold:   203        SH:  0    Dex: 13    Spells: 6/6 levels left

rFire   . . .      SeeInvis .   q - +2 hand axe (flame)
rCold   + . .      Faith    .   j - +0 buckler
rNeg    . . .      Spirit   .   p - +0 chain mail {rC+}
rPois   .          Reflect  .   (no helmet)
rElec   .          Harm     .   (no cloak)
rCorr   .          Rampage  .   k - +2 pair of gloves
Will    .....                   n - +0 pair of boots
Stlth   ..........              (no amulet)
HPRegen 0.20/turn               (no ring)
MPRegen 0.10/turn               (no ring)

@: confused, ambrosia-drunk, corroded
A: no striking features
a: no special abilities


You were on level 5 of the Dungeon.
You visited 2 branches of the dungeon, and saw 6 of its levels.

You collected 287 gold pieces.
You spent 84 gold pieces at shops.

Inventory:

Hand Weapons
 e - a +2 falchion of holy wrath
 q - a +2 hand axe of flaming (weapon)
 r - a +3 dagger
Armour
 j - a +0 buckler (worn)
 k - a +2 pair of gloves (worn)
 n - a +0 pair of boots (worn)
 p - a +0 chain mail of cold resistance (worn)
Wands
 w - a wand of polymorph (8)
Scrolls
 b - 5 scrolls of identify
 f - a scroll of enchant armour
 g - 3 scrolls of teleportation
 i - a scroll of fear {unknown}
Potions
 a - a potion of mutation {unknown}
 c - a potion of ambrosia
 d - a potion of brilliance {unknown}
 h - a potion of curing
 m - a potion of berserk rage {unknown}
 o - a potion of might
 t - a potion of degeneration {unknown}
 v - a potion of invisibility {unknown}


   Skills:
 + Level 6.1 Fighting
 + Level 6.0 Axes
 + Level 4.3 Armour
 - Level 2.4 Dodging
 - Level 1.5 Stealth
 + Level 4.1 Shields


You had 6 spell levels left.
You didn't know any spells.
Your spell library contained the following spells:

 Spells                   Type           Power      Damage    Failure   Level
 Apportation              Tloc           0%         N/A       100%        1
 Freeze                   Ice            0%         1d3       100%        1
 Ensorcelled Hibernation  Hex/Ice        0%         N/A       100%        2
 Passwall                 Tmut/Erth      0%         N/A       100%        2
 Frozen Ramparts          Ice            0%         1d1       100%        3
 Swiftness                Air            0%         N/A       100%        3
 Dispel Undead            Necr           0%         3d6       100%        4
 Hailstorm                Conj/Ice       0%         3d3       100%        4
 Alistair's Intoxication  Tmut/Pois      0%         N/A       100%        5
 Infestation              Necr           0%         N/A       100%        8


Dungeon Overview and Level Annotations

Branches:
Dungeon (5/15)             Temple (1/1) D:5

Altars:
Ashenzari
Cheibriados
Dithmenos
Elyvilon
Fedhas
Makhleb
Nemelex Xobeh
Okawaru
Ru
Sif Muna
Trog
Vehumet
Xom
Yredelemnul
Zin
The Shining One

Shops:
D:1 *


Message History

You hit the jelly. You burn the jelly. The acid corrodes you!
Your hands burn!
The jelly is lightly wounded.
The jelly hits you but does no damage.
You hit the jelly but do no damage. The acid corrodes you!
Your hands burn!
The jelly is lightly wounded.
The jelly closely misses you.
You hit the jelly. You burn the jelly.
Your hands burn!
The jelly is moderately wounded.
You block the jelly's attack. The jelly hits you but does no damage.
You hit the jelly but do no damage.
Your hands burn!
The jelly is lightly wounded.
The jelly hits you.
You are splashed with acid.
You hit the jelly. You burn the jelly.
Your hands burn!
The jelly is heavily wounded.
The jelly barely misses you.
You hit the jelly but do no damage.
Your hands burn!
The jelly is heavily wounded.
The jelly hits you but does no damage.
You hit the jelly but do no damage. The acid corrodes you!
Your hands burn!
The jelly is heavily wounded.
You block the jelly's attack.
You hit the jelly. You burn the jelly.
Your hands burn!
The jelly is almost dead.
You block the jelly's attack.
You barely miss the jelly.
The jelly is almost dead.
The jelly hits you. The acid corrodes you!
You are splashed with acid!
* * * LOW HITPOINT WARNING * * *
You hit the jelly but do no damage.
Your hands burn!
* * * LOW HITPOINT WARNING * * *
The jelly is almost dead.
The jelly hits you.
* * * LOW HITPOINT WARNING * * *
You are splashed with acid!
* * * LOW HITPOINT WARNING * * *
You are confused.
You feel invigorated. The jelly hits you.
* * * LOW HITPOINT WARNING * * *
You are splashed with acid!
You die...

##≈≈≈###...P.P..PP...#
# #####
#...#.........# #
.....######....# #####
.....# #....# #....
......# #....# #....
#####....# #....
#####...#....#####
#....
........###'#....#
###..
.......J@'..#....# #..
.........#..#....# #..
#############....# #..
###### ###


You could see a jelly.

Vanquished Creatures
  Grinder (D:5)
  Eustachio (D:5)
  Blork the orc (D:5)
  A phantom (D:4)
  A hound (D:5)
  A jelly (D:4)
  An iguana (D:5)
  3 adders
  A worm (D:4)
  6 dart slugs
  7 orcs (D:4)
  4 endoplasms
  3 goblins
  5 hobgoblins
  4 kobolds
  4 quokkas (D:3)
  6 ball pythons
  3 bats (D:1)
  2 frilled lizards (D:1)
  2 rats
57 creatures vanquished.

Vanquished Creatures (others)
  4 toadstools (D:1)
4 creatures vanquished.

Grand Total: 61 creatures vanquished

Notes
Turn   | Place    | Note
-------+----------+-------------------------------------------
     0 | D:1      | Hercules1031 the Hill Orc Monk began the quest for the Orb.
     0 | D:1      | Reached XP level 1. HP: 19/19 MP: 1/1
    56 | D:1      | Found Xuoxa's General Store.
   182 | D:1      | Reached XP level 2. HP: 27/27 MP: 2/2
   677 | D:2      | Reached XP level 3. HP: 32/34 MP: 3/3
  1502 | D:3      | Reached skill level 5 in Fighting
  1860 | D:3      | Found a glowing silver altar of Zin.
  1928 | D:3      | Reached XP level 4. HP: 40/42 MP: 4/4
  2226 | D:3      | Got the Lectures on Frigid Unholy Secrets
  2244 | D:3      | Found a burning altar of Makhleb.
  2346 | D:1      | Bought a potion of curing for 36 gold pieces
  2346 | D:1      | Bought a potion of might for 48 gold pieces
  2561 | D:4      | Reached skill level 1 in Armour
  2616 | D:4      | Reached skill level 1 in Shields
  3014 | D:4      | Noticed a phantom
  3028 | D:4      | Killed a phantom
  3029 | D:4      | Reached skill level 5 in Axes
  3029 | D:4      | Reached XP level 5. HP: 27/48 MP: 5/5
  3349 | D:5      | Entered Level 5 of the Dungeon
  3408 | D:5      | Found a snail-covered altar of Cheibriados.
  3603 | D:5      | Found a staircase to the Ecumenical Temple.
  3606 | D:5      | Noticed Grinder
  3608 | D:5      | Noticed Eustachio
  3613 | Temple   | Entered the Ecumenical Temple
  3837 | D:5      | Paralysed by Grinder for 5 turns
  3844 | D:5      | Killed Eustachio
  3845 | D:5      | Reached XP level 6. HP: 31/57 MP: 6/6
  3854 | D:5      | Paralysed by Grinder for 4 turns
  3866 | D:5      | Paralysed by Grinder for 2 turns
  3886 | D:5      | Killed Grinder
  3887 | D:5      | Reached XP level 7. HP: 20/63 MP: 7/7
  4259 | D:5      | Noticed Blork the orc
  4283 | D:5      | Killed Blork the orc
  4530 | D:5      | Found a white marble altar of Elyvilon.
  4578 | D:5      | HP: 1/63 [acid (8)]
  4580 | D:5      | Splashed by a jelly's acid

Illustrated notes

Levels and vault maps discovered:
D:1:      ldierk_water_garden, layout_rooms, serial_shops, shop,
          chequers_serial_rivers_micro_b
D:2:      layout_loops_cross, st_stairs_6, hangedman_abyss_or_decor_stabs,
          kennysheep_generic_room_12
D:3:      layout_loops_cross, zin_academy, overflow_temple_1_default
D:4:      layout_cave_pods
D:5:      layout_gridville, mainiacjoe_overflow_small_starburst,
          nicolae_elyvilon_temple_path, minmay_temple_entry_butterflies,
          uniq_blork_the_orc, uniq_eustachio, uniq_grinder
Temple:   minmay_temple_bridge_abc

Skill      XL: |  1  2  3  4  5  6  7 |
---------------+----------------------+-----
Fighting       | 4 5 6 |  6.1
Armour         | 2 3 4 |  4.3
Shields        | 2 3 4 |  4.1
Axes           | 5 6 |  6.0
Dodging        | |  2.4
Stealth        | |  1.5

Action                   |  1- 3 |  4- 6 |  7- 9 || total
-------------------------+-------+-------+-------++-------
Melee: Hand axe          |   128 |    89 |    33 ||   250
  Use: Scroll            |     1 |     7 |       ||     8
       Potion            |       |     2 |     1 ||     3
 Stab: Sleeping          |     1 |       |       ||     1
Armor: Ring mail         |    54 |     2 |       ||    56
       Robe              |     1 |       |       ||     1
       Chain mail        |       |    48 |    18 ||    66
Dodge: Dodged            |    67 |    27 |     9 ||   103
Block: Buckler           |     3 |    11 |     8 ||    22
